Chicago Blackhawks vs Detroit Red Wings

Created - mercredi 20 février 2019 at 19:00

Goals
1 2 3 T
Chicago Blackhawks 1 2 1 4
Detroit Red Wings 1 2 3 6
Shots
1 2 3 T
Chicago Blackhawks 8 16 9 33
Detroit Red Wings 4 19 8 31

1st period

1. Detroit Red Wings , Teuvo Teravainen 25 (Henrik Zetterberg 37) at 16:12
2. Chicago Blackhawks , Henrik Sedin 14 (Patrick Kane 29) at 18:37

Penalties :
No Penalty

2nd period

3. Chicago Blackhawks , Nick Schmaltz 14 (Jonathan Toews 28, Alex DeBrincat 20) at 3:38
4. Detroit Red Wings , Derek Stepan 13 (Ryan Kesler 15) at 8:09
5. Chicago Blackhawks , Alex DeBrincat 16 (Jonathan Toews 29, Nick Schmaltz 24) at 14:23
6. Detroit Red Wings , Danny DeKeyser 3 (Henrik Zetterberg 38, Mike Green 14) at 18:29

Penalties :
Niklas Kronwall (DET) for Elbowing (Minor) at 4:37

3rd period

7. Detroit Red Wings , Teuvo Teravainen 26 (Henrik Zetterberg 39, Mike Green 15) at 0:14
8. Chicago Blackhawks , Anthony Mantha 17 (Duncan Keith 20, Denis Malgin 17) at 4:56
9. Detroit Red Wings , Luke Glendening 4 (Nick Jensen 12, Jimmy Howard) at 6:37
10. Detroit Red Wings , Andreas Athanasiou 9 (Justin Abdelkader 16) at 11:30

Penalties :
No Penalty

Goalie Stats

Corey Crawford (CHI), 25 saves from 31 shots - (0.806), L, 23-19-9, 60:00 minutes
Jimmy Howard (DET), 29 saves from 33 shots - (0.879), W, 27-17-4, 60:00 minutes

Players Stats for Chicago Blackhawks

Player Name              G  A  P  +/- PIM S  H  SB GA TA FO     MP     PP MP  PK MP  
------------------------------------------------------------------------------------
Alex DeBrincat           1  1  2  -2  0   2  2  0  1  0  0/1    16:07   0:00   0:00 
Anthony Mantha           1  0  1   1  0   6  1  0  1  0  1/1    15:53   0:49   0:00 
Brent Seabrook           0  0  0  -2  0   0  1  1  0  1  0/0    20:53   0:23   0:00 
Chris Kunitz             0  0  0   0  0   0  4  0  0  0  0/0    11:09   1:16   0:00 
David Kampf              0  0  0   1  0   1  3  0  0  0  6/9    15:33   1:06   0:00 
Denis Malgin             0  1  1   1  0   0  0  2  1  0  0/0    14:27   0:00   0:00 
Duncan Keith             0  1  1   1  0   3  1  4  0  1  0/0    25:23   0:47   0:00 
Henrik Sedin             1  0  1  -1  0   7  1  0  0  0  16/26  17:59   0:49   0:00 
Jan Rutta                0  0  0  -1  0   0  1  2  0  2  0/0    12:59   0:00   0:00 
Jason Chimera            0  0  0   0  0   2  0  0  0  1  0/1    10:16   0:00   0:00 
Jonathan Toews           0  2  2  -2  0   3  1  0  1  0  5/17   17:38   1:10   0:00 
Marcus Kruger            0  0  0   0  0   0  3  0  0  0  1/1     9:49   0:00   0:00 
Michal Kempny            0  0  0  -2  0   0  0  1  0  1  0/0    20:26   0:00   0:00 
Nick Schmaltz            1  1  2  -2  0   2  2  0  0  0  0/1    17:05   0:49   0:00 
Patrick Kane             0  1  1  -1  0   4  0  1  1  0  2/2    18:26   1:10   0:00 
Ryan Hartman             0  0  0  -1  0   2  2  0  0  0  2/3    16:50   0:00   0:00 
Scott Mayfield           0  0  0  -1  0   0  3  0  0  0  0/0    12:59   0:00   0:00 
Seth Jones               0  0  0   1  0   1  1  1  3  2  0/0    26:08   1:36   0:00 

Players Stats for Detroit Red Wings

Player Name              G  A  P  +/- PIM S  H  SB GA TA FO     MP     PP MP  PK MP  
------------------------------------------------------------------------------------
Andreas Athanasiou       1  0  1   0  0   5  0  0  1  0  0/0    14:55   0:00   0:00 
Danny DeKeyser           1  0  1   0  0   1  1  1  1  1  0/0    23:15   0:00   0:56 
Darren Helm              0  0  0   1  0   2  4  0  0  1  0/0    16:45   0:00   0:00 
Derek Stepan             1  0  1   1  0   5  1  0  1  0  5/18   16:35   0:00   1:01 
Frans Nielsen            0  0  0   0  0   2  2  1  1  1  8/16   15:28   0:00   0:58 
Henrik Zetterberg        0  3  3   1  0   2  0  1  1  0  13/23  16:48   0:00   0:00 
Jonathan Ericsson        0  0  0   0  0   1  0  0  0  0  0/0    19:04   0:00   1:03 
Justin Abdelkader        0  1  1   0  0   0  2  0  1  0  0/0    15:33   0:00   0:58 
Luke Glendening          1  0  1   0  0   1  4  0  0  1  2/3    12:24   0:00   1:01 
Mattias Janmark          0  0  0   1  0   4  0  0  0  0  1/1    15:23   0:00   0:00 
Michael Del Zotto        0  0  0   2  0   0  1  0  1  2  0/0    19:16   0:00   1:03 
Mike Green               0  2  2  -1  0   0  3  3  1  1  0/0    21:39   0:00   0:00 
Nick Jensen              0  1  1   0  0   0  2  1  0  0  0/0    18:25   0:00   0:56 
Niklas Kronwall          0  0  0   3  2   0  0  1  0  0  0/0    18:28   0:00   0:00 
Ryan Kesler              0  1  1   1  0   4  3  0  0  0  0/0    14:57   0:00   0:00 
Teuvo Teravainen         2  0  2   1  0   2  1  0  0  0  0/1    16:45   0:00   0:00 
Thomas Vanek             0  0  0   0  0   2  0  1  0  1  0/0    11:10   0:00   0:00 
Tyler Bertuzzi           0  0  0   0  0   0  1  0  0  0  0/0    11:10   0:00   0:00 

3 Stars

1 - Teuvo Teravainen (DET)
2 - Henrik Zetterberg (DET)
3 - Luke Glendening (DET)

Power Play

Chicago Blackhawks - 0 on 1 Attempt(s) - 0.00%
Detroit Red Wings - 0 on 0 Attempt(s) - 0.00%

Penalty Kill

Chicago Blackhawks - 0 on 0 Attempt(s) - 0.00% - Score 0 goal in Penalty Kill
Detroit Red Wings - 1 on 1 Attempt(s) - 100.00% - Score 0 goal in Penalty Kill

Team Stat

Chicago Blackhawks - Hits : 26 - Faceoff Wins : 33 - Blocked Shots : 12 - Penalty Minutes : 0
Detroit Red Wings - Hits : 25 - Faceoff Wins : 29 - Blocked Shots : 9 - Penalty Minutes : 2

Official

Referees : Tom Kowal and Chris Lee
Linesman : Jay Sharrers and Matt MacPherson

Game Notes

No Game Note

Finance

Level 1 -- Attendance: 10300 (100.00%) -- Ticket Income fr. 824'000
Level 2 -- Attendance: 1944 (92.57%) -- Ticket Income fr. 126'360
Level 3 -- Attendance: 2785 (77.36%) -- Ticket Income fr. 97'475
Level 4 -- Attendance: 1450 (100.00%) -- Ticket Income fr. 29'000
Luxury Box -- Attendance: 50 (100.00%) -- Ticket Income fr. 10'000
Game was played at the Little Caesars Arena.
Total Attendance: 16529 (94.45%)
Total Ticket Income: fr. 1'086'835
Total Income: fr. 1'086'835

Chicago Blackhawks

5 vs 5 Forward 
   Center                   Left Wing                Right Wing               Time % Phy DF OF 
 1 Jonathan Toews           Alex DeBrincat           Nick Schmaltz            30     0   2  3  
 2 Henrik Sedin             Ryan Hartman             Patrick Kane             30     0   0  5  
 3 David Kampf              Anthony Mantha           Denis Malgin             25     1   2  2  
 4 Marcus Kruger            Jason Chimera            Chris Kunitz             15     0   4  1  

5 vs 5 Defense 
   Defense                  Defense                                           Time % Phy DF OF 
 1 Duncan Keith             Seth Jones                                        35     0   1  4  
 2 Brent Seabrook           Michal Kempny                                     35     0   1  4  
 3 Scott Mayfield           Jan Rutta                                         20     1   4  0  
 4 Duncan Keith             Seth Jones                                        10     0   4  1  

PowerPlay Forward 
   Center                   Left Wing                Right Wing               Time % Phy DF OF 
 1 Jonathan Toews           Chris Kunitz             Patrick Kane             50     0   0  5  
 2 Henrik Sedin             Nick Schmaltz            Anthony Mantha           50     0   0  5  

PowerPlay Defense
   Defense                  Defense                                           Time % Phy DF OF 
 1 Duncan Keith             Seth Jones                                        50     0   0  5  
 2 Chris Kunitz             Seth Jones                                        50     0   0  5  

Penalty Kill 4 Players Forward 
   Center                   Wing                     Time % Phy DF OF 
 1 Marcus Kruger            David Kampf              65     0   5  0  
 2 Nick Schmaltz            Jason Chimera            35     0   5  0  

Penalty Kill 4 Players Defense
   Defense                  Defense                  Time % Phy DF OF 
 1 Seth Jones               Duncan Keith             50     0   5  0  
 2 Brent Seabrook           Jan Rutta                50     0   5  0  

Penalty Kill - 3 Players Forward 
   Forward                                           Time % Phy DF OF 
 1 Marcus Kruger                                     60     0   5  0  
 2 Nick Schmaltz                                     40     0   5  0  

Penalty Kill - 3 Players Defense
   Defense                  Defense                  Time % Phy DF OF 
 1 Seth Jones               Duncan Keith             50     0   5  0  
 2 Michal Kempny            Brent Seabrook           50     0   5  0  

4 vs 4 Forward 
   Center                   Wing                     Time % Phy DF OF 
 1 Jonathan Toews           Jason Chimera            50     1   2  2  
 2 David Kampf              Patrick Kane             50     1   2  2  

4 vs 4 Defense
   Defense                  Defense                  Time % Phy DF OF 
 1 Brent Seabrook           Duncan Keith             50     1   2  2  
 2 Michal Kempny            Seth Jones               50     1   2  2  

Last Minutes Offensive
   Center                   Left Wing                Right Wing               Defense                  Defense                  
   Henrik Sedin             Chris Kunitz             Patrick Kane             Seth Jones               Duncan Keith             

Last Minutes Defensive
   Center                   Left Wing                Right Wing               Defense                  Defense                  
   Jonathan Toews           Nick Schmaltz            David Kampf              Seth Jones               Duncan Keith             

Goaltenders
Starting : Corey Crawford           
Backup : Antti Raanta             

Extra Forwards
Normal : Patrick Kane, Jonathan Toews, Nick Schmaltz - PP : Chris Kunitz, David Kampf - PK : Nick Schmaltz
Extra Defensemen
Normal : Seth Jones, Duncan Keith, Brent Seabrook - PP : Seth Jones - PK : Duncan Keith, Seth Jones
Penalty Shots
Patrick Kane, Jonathan Toews, Nick Schmaltz, Chris Kunitz, David Kampf
Custom OT Lines Forwards
Nick Schmaltz, Patrick Kane, Jonathan Toews, Chris Kunitz, David Kampf, Henrik Sedin, Jason Chimera, Marcus Kruger, Anthony Mantha, Alex DeBrincat
Custom OT Lines Defensemen
Seth Jones, Duncan Keith, Brent Seabrook, Michal Kempny, Jan Rutta

Scratches
Tanner Kero (Healthy)

Detroit Red Wings

5 vs 5 Forward 
   Center                   Left Wing                Right Wing               Time % Phy DF OF 
 1 Henrik Zetterberg        Darren Helm              Teuvo Teravainen         28     0   2  3  
 2 Derek Stepan             Mattias Janmark          Ryan Kesler              28     0   2  3  
 3 Frans Nielsen            Justin Abdelkader        Andreas Athanasiou       25     0   3  2  
 4 Luke Glendening          Thomas Vanek             Tyler Bertuzzi           19     0   4  1  

5 vs 5 Defense 
   Defense                  Defense                                           Time % Phy DF OF 
 1 Danny DeKeyser           Mike Green                                        38     0   2  3  
 2 Niklas Kronwall          Michael Del Zotto                                 33     0   2  3  
 3 Jonathan Ericsson        Nick Jensen                                       29     0   4  1  
 4 Danny DeKeyser           Niklas Kronwall                                   0      1   2  2  

PowerPlay Forward 
   Center                   Left Wing                Right Wing               Time % Phy DF OF 
 1 Henrik Zetterberg        Mattias Janmark          Thomas Vanek             55     1   1  3  
 2 Derek Stepan             Teuvo Teravainen         Ryan Kesler              45     1   1  3  

PowerPlay Defense
   Defense                  Defense                                           Time % Phy DF OF 
 1 Niklas Kronwall          Mike Green                                        55     1   2  2  
 2 Michael Del Zotto        Danny DeKeyser                                    45     1   2  2  

Penalty Kill 4 Players Forward 
   Center                   Wing                     Time % Phy DF OF 
 1 Frans Nielsen            Justin Abdelkader        50     1   4  0  
 2 Derek Stepan             Luke Glendening          50     1   4  0  

Penalty Kill 4 Players Defense
   Defense                  Defense                  Time % Phy DF OF 
 1 Danny DeKeyser           Niklas Kronwall          50     0   5  0  
 2 Michael Del Zotto        Jonathan Ericsson        50     0   5  0  

Penalty Kill - 3 Players Forward 
   Forward                                           Time % Phy DF OF 
 1 Luke Glendening                                   50     0   5  0  
 2 Derek Stepan                                      50     0   5  0  

Penalty Kill - 3 Players Defense
   Defense                  Defense                  Time % Phy DF OF 
 1 Danny DeKeyser           Mike Green               50     1   4  0  
 2 Michael Del Zotto        Jonathan Ericsson        50     1   4  0  

4 vs 4 Forward 
   Center                   Wing                     Time % Phy DF OF 
 1 Henrik Zetterberg        Darren Helm              50     0   2  3  
 2 Frans Nielsen            Thomas Vanek             50     0   2  3  

4 vs 4 Defense
   Defense                  Defense                  Time % Phy DF OF 
 1 Danny DeKeyser           Nick Jensen              50     1   2  2  
 2 Mike Green               Jonathan Ericsson        50     1   2  2  

Last Minutes Offensive
   Center                   Left Wing                Right Wing               Defense                  Defense                  
   Henrik Zetterberg        Teuvo Teravainen         Thomas Vanek             Niklas Kronwall          Danny DeKeyser           

Last Minutes Defensive
   Center                   Left Wing                Right Wing               Defense                  Defense                  
   Luke Glendening          Frans Nielsen            Ryan Kesler              Michael Del Zotto        Mike Green               

Goaltenders
Starting : Jimmy Howard             
Backup : Petr Mrazek              

Extra Forwards
Normal : Darren Helm, Derek Stepan, Mattias Janmark - PP : Darren Helm, Andreas Athanasiou - PK : Luke Glendening
Extra Defensemen
Normal : Niklas Kronwall, Michael Del Zotto, Nick Jensen - PP : Mike Green - PK : Nick Jensen, Michael Del Zotto
Penalty Shots
Justin Abdelkader, Mattias Janmark, Thomas Vanek, Andreas Athanasiou, Teuvo Teravainen
Custom OT Lines Forwards
Henrik Zetterberg, Luke Glendening, Justin Abdelkader, Thomas Vanek, Frans Nielsen, Derek Stepan, Darren Helm, Teuvo Teravainen, Ryan Kesler, Andreas Athanasiou
Custom OT Lines Defensemen
Danny DeKeyser, Niklas Kronwall, Mike Green, Michael Del Zotto, Jonathan Ericsson

Scratches
Alan Quine (Healthy), Patrice Bergeron (Head Injury), Xavier Ouellet (Healthy)

% Time on Ice - Chicago Blackhawks

Lines # - Real PCT - Wanted PCT - Time Play
Normal Forward
1 - 29% - 30% - 16:55
2 - 29% - 30% - 16:50
3 - 25% - 25% - 14:27
4 - 17% - 15% - 9:49
Normal Defense
1 - 33% - 35% - 18:55
2 - 35% - 35% - 20:26
3 - 22% - 20% - 12:59
4 - 10% - 10% - 5:41
PP Forward
1 - 59% - 50% - 1:10
2 - 41% - 50% - 0:49
PP Defense
1 - 39% - 50% - 0:47
2 - 61% - 50% - 1:12
PK Forward
1 - 0% - 65%
2 - 0% - 35%
PK Defense
1 - 0% - 50%
2 - 0% - 50%
PK3 Forward
1 - 0% - 60%
2 - 0% - 40%
PK3 Defense
1 - 0% - 50%
2 - 0% - 50%
44 Forward
1 - 0% - 50%
2 - 0% - 50%
44 Defense
1 - 0% - 50%
2 - 0% - 50%
Last Minute Offensive  - 0:00
Last Minute Defensive  - 0:00
Total
Forward - 60:00
Defense - 60:00

% Time on Ice - Detroit Red Wings

Lines # - Real PCT - Wanted PCT - Time Play
Normal Forward
1 - 30% - 28% - 17:16
2 - 26% - 28% - 15:05
3 - 25% - 25% - 14:30
4 - 19% - 19% - 11:10
Normal Defense
1 - 37% - 38% - 21:39
2 - 31% - 33% - 18:13
3 - 30% - 29% - 17:29
4 - 1% - 0% - 0:40
PP Forward
1 - 0% - 55%
2 - 0% - 45%
PP Defense
1 - 0% - 55%
2 - 0% - 45%
PK Forward
1 - 49% - 50% - 0:58
2 - 51% - 50% - 1:01
PK Defense
1 - 47% - 50% - 0:56
2 - 53% - 50% - 1:03
PK3 Forward
1 - 0% - 50%
2 - 0% - 50%
PK3 Defense
1 - 0% - 50%
2 - 0% - 50%
44 Forward
1 - 0% - 50%
2 - 0% - 50%
44 Defense
1 - 0% - 50%
2 - 0% - 50%
Last Minute Offensive  - 0:00
Last Minute Defensive  - 0:00
Total
Forward - 60:00
Defense - 60:00

Play-by-Play

1st period


0:01 of 1st period - Henrik Zetterberg wins face-off versus Jonathan Toews in neutral zone.
0:37 of 1st period - Slapshot by Patrick Kane.
0:37 of 1st period - Shot Misses the Net.
1:25 of 1st period - Jan Rutta is hit by Darren Helm and loses puck.
2:10 of 1st period - Wrist shot by Patrick Kane.
2:10 of 1st period - Shot Misses the Net.
2:12 of 1st period - Slapshot by Brent Seabrook.
2:12 of 1st period - Shot Misses the Net.
2:25 of 1st period - Off-side.
2:26 of 1st period - Jonathan Toews wins face-off versus Luke Glendening in neutral zone.
2:41 of 1st period - Snap shot by Thomas Vanek.
2:41 of 1st period - Stopped by Corey Crawford without a rebound.
2:42 of 1st period - David Kampf wins face-off versus Frans Nielsen in Chicago Blackhawks zone.
2:42 of 1st period - David Kampf is hit by Nick Jensen.
3:06 of 1st period - Seth Jones is hit by Darren Helm and loses puck.
4:28 of 1st period - Off-side.
4:29 of 1st period - Henrik Zetterberg wins face-off versus Henrik Sedin in neutral zone.
4:38 of 1st period - Snap shot by Patrick Kane.
4:38 of 1st period - Shot Hit the Post.
4:42 of 1st period - Slapshot by Patrick Kane.
4:42 of 1st period - Shot Hit the Post.
5:13 of 1st period - Off-side.
5:14 of 1st period - Anthony Mantha wins face-off versus Frans Nielsen in neutral zone.
5:16 of 1st period - Off-side.
5:17 of 1st period - Frans Nielsen wins face-off versus David Kampf in neutral zone.
5:24 of 1st period - Wrist shot by Andreas Athanasiou.
5:24 of 1st period - Shot Misses the Net.
6:14 of 1st period - Snap shot by Ryan Kesler.
6:14 of 1st period - Shot Blocked by Michal Kempny.
6:16 of 1st period - Slapshot by Derek Stepan.
6:16 of 1st period - Deflect By Ryan Kesler.
6:16 of 1st period - Shot Misses the Net.
6:16 of 1st period - Puck is out of play.
6:17 of 1st period - Luke Glendening wins face-off versus David Kampf in Chicago Blackhawks zone.
6:32 of 1st period - Wrist shot by Anthony Mantha.
6:32 of 1st period - Stopped by Jimmy Howard without a rebound.
6:33 of 1st period - Henrik Sedin wins face-off versus Derek Stepan in Detroit Red Wings zone.
6:40 of 1st period - Snap shot by Ryan Hartman.
6:40 of 1st period - Stopped by Jimmy Howard without a rebound.
6:41 of 1st period - Derek Stepan wins face-off versus Henrik Sedin in Detroit Red Wings zone.
6:48 of 1st period - Wrist shot by Ryan Kesler.
6:48 of 1st period - Stopped by Corey Crawford without a rebound.
6:49 of 1st period - Henrik Zetterberg wins face-off versus Alex DeBrincat in Chicago Blackhawks zone.
7:14 of 1st period - Nick Schmaltz is hit by Tyler Bertuzzi and loses puck.
7:25 of 1st period - Wrist shot by Jonathan Toews.
7:25 of 1st period - Deflect By Danny DeKeyser.
7:25 of 1st period - Shot Misses the Net.
7:25 of 1st period - Puck is out of play.
7:26 of 1st period - Frans Nielsen wins face-off versus Henrik Sedin in Detroit Red Wings zone.
7:26 of 1st period - Frans Nielsen is hit by Ryan Hartman.
7:50 of 1st period - Off-side.
7:51 of 1st period - David Kampf wins face-off versus Derek Stepan in neutral zone.
8:04 of 1st period - Snap shot by Ryan Kesler.
8:04 of 1st period - Shot Misses the Net.
8:10 of 1st period - David Kampf is hit by Derek Stepan and loses puck.
8:17 of 1st period - Ryan Kesler is hit by Anthony Mantha.
8:55 of 1st period - Wrist shot by Ryan Kesler.
8:55 of 1st period - Shot Blocked by Jan Rutta.
9:10 of 1st period - Snap shot by Ryan Kesler.
9:10 of 1st period - Shot Blocked by Jan Rutta.
9:12 of 1st period - Snap shot by Ryan Kesler.
9:12 of 1st period - Shot Misses the Net.
10:09 of 1st period - Slapshot by Seth Jones.
10:09 of 1st period - Shot Misses the Net.
10:11 of 1st period - Slapshot by Brent Seabrook.
10:11 of 1st period - Shot Misses the Net.
10:15 of 1st period - Snap shot by Anthony Mantha.
10:15 of 1st period - Stopped by Jimmy Howard without a rebound.
10:16 of 1st period - Ryan Hartman wins face-off versus Henrik Zetterberg in Detroit Red Wings zone.
10:17 of 1st period - Backhand shot by Patrick Kane.
10:17 of 1st period - Stopped by Jimmy Howard without a rebound.
10:18 of 1st period - Henrik Sedin wins face-off versus Henrik Zetterberg in Detroit Red Wings zone.
10:19 of 1st period - Snap shot by Patrick Kane.
10:19 of 1st period - Stopped by Jimmy Howard with a rebound.
10:50 of 1st period - Snap shot by Frans Nielsen.
10:50 of 1st period - Stopped by Corey Crawford with a rebound.
10:52 of 1st period - Slapshot by Frans Nielsen.
10:52 of 1st period - Shot Misses the Net.
11:04 of 1st period - Wrist shot by Luke Glendening.
11:04 of 1st period - Shot Misses the Net.
11:06 of 1st period - Slapshot by Mike Green.
11:06 of 1st period - Shot Blocked by Duncan Keith.
13:21 of 1st period - Brent Seabrook is hit by Michael Del Zotto and loses puck.
14:06 of 1st period - Luke Glendening is hit by Chris Kunitz.
14:10 of 1st period - Thomas Vanek is hit by Marcus Kruger and loses puck.
15:13 of 1st period - Brent Seabrook is hit by Luke Glendening.
15:37 of 1st period - Icing by Anthony Mantha.
15:38 of 1st period - David Kampf wins face-off versus Frans Nielsen in Chicago Blackhawks zone.
16:04 of 1st period - Duncan Keith is hit by Ryan Kesler and loses puck.
16:08 of 1st period - Icing by Duncan Keith.
16:09 of 1st period - Henrik Zetterberg wins face-off versus Jonathan Toews in Chicago Blackhawks zone.
16:10 of 1st period - Slapshot by Teuvo Teravainen.
16:10 of 1st period - Shot Misses the Net.
16:12 of 1st period - Snap shot by Teuvo Teravainen.
16:12 of 1st period - Goal by Teuvo Teravainen - Chicago Blackhawks : 0 - Detroit Red Wings : 1.
16:13 of 1st period - Henrik Sedin wins face-off versus Henrik Zetterberg in neutral zone.
16:26 of 1st period - Wrist shot by Henrik Sedin.
16:26 of 1st period - Stopped by Jimmy Howard without a rebound.
16:27 of 1st period - Jonathan Toews wins face-off versus Frans Nielsen in Detroit Red Wings zone.
16:57 of 1st period - Slapshot by Anthony Mantha.
16:57 of 1st period - Stopped by Jimmy Howard with a rebound.
16:59 of 1st period - Snap shot by Denis Malgin.
16:59 of 1st period - Shot Blocked by Mike Green.
17:03 of 1st period - Snap shot by Anthony Mantha.
17:03 of 1st period - Shot Blocked by Mike Green.
17:23 of 1st period - Snap shot by Patrick Kane.
17:23 of 1st period - Shot Blocked by Mike Green.
18:16 of 1st period - Derek Stepan is hit by David Kampf and loses puck.
18:37 of 1st period - Snap shot by Henrik Sedin.
18:37 of 1st period - Goal by Henrik Sedin - Chicago Blackhawks : 1 - Detroit Red Wings : 1.
18:38 of 1st period - Patrick Kane wins face-off versus Teuvo Teravainen in neutral zone.
18:41 of 1st period - Slapshot by Ryan Hartman.
18:41 of 1st period - Shot Misses the Net.
19:23 of 1st period - Jonathan Ericsson is hit by David Kampf and loses puck.
19:54 of 1st period - Icing by Nick Jensen.
19:55 of 1st period - Henrik Sedin wins face-off versus Frans Nielsen in Detroit Red Wings zone.
Goals for this period are 1 for Chicago Blackhawks vs 1 for Detroit Red Wings.
Shots for this period are 8 for Chicago Blackhawks vs 4 for Detroit Red Wings.

2nd period


0:01 of 2nd period - Henrik Sedin wins face-off versus Henrik Zetterberg in neutral zone.
0:34 of 2nd period - Slapshot by Jonathan Toews.
0:34 of 2nd period - Stopped by Jimmy Howard with a rebound.
0:36 of 2nd period - Slapshot by Duncan Keith.
0:36 of 2nd period - Shot Misses the Net.
0:38 of 2nd period - Backhand shot by Duncan Keith.
0:38 of 2nd period - Stopped by Jimmy Howard with a rebound.
1:06 of 2nd period - Slapshot by Andreas Athanasiou.
1:06 of 2nd period - Stopped by Corey Crawford with a rebound.
1:08 of 2nd period - Wrist shot by Andreas Athanasiou.
1:08 of 2nd period - Shot Misses the Net.
1:10 of 2nd period - Snap shot by Frans Nielsen.
1:10 of 2nd period - Shot Blocked by Denis Malgin.
1:12 of 2nd period - Snap shot by Frans Nielsen.
1:12 of 2nd period - Stopped by Corey Crawford without a rebound.
1:13 of 2nd period - Henrik Sedin wins face-off versus Henrik Zetterberg in Chicago Blackhawks zone.
1:18 of 2nd period - Danny DeKeyser is hit by Scott Mayfield and loses puck.
1:39 of 2nd period - Mike Green is hit by Scott Mayfield and loses puck.
1:58 of 2nd period - Snap shot by Derek Stepan.
1:58 of 2nd period - Stopped by Corey Crawford with a rebound.
2:09 of 2nd period - Snap shot by Derek Stepan.
2:09 of 2nd period - Shot Misses the Net.
2:39 of 2nd period - Snap shot by Denis Malgin.
2:39 of 2nd period - Shot Misses the Net.
2:45 of 2nd period - Henrik Sedin is hit by Darren Helm and loses puck.
3:08 of 2nd period - Luke Glendening is hit by Nick Schmaltz.
3:38 of 2nd period - Wrist shot by Nick Schmaltz.
3:38 of 2nd period - Goal by Nick Schmaltz - Chicago Blackhawks : 2 - Detroit Red Wings : 1.
3:39 of 2nd period - Henrik Zetterberg wins face-off versus Ryan Hartman in neutral zone.
4:15 of 2nd period - Icing by Michael Del Zotto.
4:16 of 2nd period - Jonathan Toews wins face-off versus Henrik Zetterberg in Detroit Red Wings zone.
4:37 of 2nd period - Minor Penalty to Niklas Kronwall for Elbowing.
4:38 of 2nd period - Frans Nielsen wins face-off versus Jonathan Toews in Detroit Red Wings zone.
4:44 of 2nd period - Icing by Jonathan Toews.
4:45 of 2nd period - Jonathan Toews wins face-off versus Derek Stepan in Chicago Blackhawks zone.
4:56 of 2nd period - Wrist shot by Jonathan Toews.
4:56 of 2nd period - Shot Blocked by Nick Jensen.
5:28 of 2nd period - Slapshot by Jonathan Toews.
5:28 of 2nd period - Deflect By Patrick Kane.
5:28 of 2nd period - Shot Misses the Net.
5:28 of 2nd period - Puck is out of play.
5:29 of 2nd period - Henrik Sedin wins face-off versus Frans Nielsen in Detroit Red Wings zone.
5:46 of 2nd period - Michael Del Zotto is hit by Henrik Sedin.
5:52 of 2nd period - Snap shot by Derek Stepan.
5:52 of 2nd period - Stopped by Corey Crawford without a rebound.
5:53 of 2nd period - Frans Nielsen wins face-off versus Henrik Sedin in Chicago Blackhawks zone.
6:12 of 2nd period - Luke Glendening is hit by Chris Kunitz and loses puck.
6:29 of 2nd period - Anthony Mantha is hit by Frans Nielsen.
6:37 of 2nd period - Penalty to Niklas Kronwall is over, Niklas Kronwall is back on ice.
6:39 of 2nd period - Jonathan Ericsson is hit by Chris Kunitz and loses puck.
7:00 of 2nd period - Snap shot by Henrik Zetterberg.
7:00 of 2nd period - Shot Blocked by Denis Malgin.
8:09 of 2nd period - Slapshot by Derek Stepan.
8:09 of 2nd period - Goal by Derek Stepan - Chicago Blackhawks : 2 - Detroit Red Wings : 2.
8:10 of 2nd period - Henrik Sedin wins face-off versus Derek Stepan in neutral zone.
8:17 of 2nd period - Slapshot by Mattias Janmark.
8:17 of 2nd period - Deflect By Derek Stepan.
8:17 of 2nd period - Stopped by Corey Crawford without a rebound.
8:18 of 2nd period - Mattias Janmark wins face-off versus Henrik Sedin in Chicago Blackhawks zone.
8:23 of 2nd period - Snap shot by Derek Stepan.
8:23 of 2nd period - Deflect By Ryan Kesler.
8:23 of 2nd period - Shot Blocked by Duncan Keith.
8:23 of 2nd period - Puck is out of play.
8:24 of 2nd period - Henrik Sedin wins face-off versus Derek Stepan in Chicago Blackhawks zone.
8:31 of 2nd period - Wrist shot by Ryan Hartman.
8:31 of 2nd period - Stopped by Jimmy Howard with a rebound.
10:37 of 2nd period - Snap shot by Jason Chimera.
10:37 of 2nd period - Stopped by Jimmy Howard with a rebound.
10:39 of 2nd period - Slapshot by Scott Mayfield.
10:39 of 2nd period - Shot Blocked by Danny DeKeyser.
10:51 of 2nd period - Slapshot by Mattias Janmark.
10:51 of 2nd period - Stopped by Corey Crawford without a rebound.
10:52 of 2nd period - Derek Stepan wins face-off versus David Kampf in Chicago Blackhawks zone.
10:53 of 2nd period - Slapshot by Ryan Kesler.
10:53 of 2nd period - Stopped by Corey Crawford without a rebound.
10:54 of 2nd period - Derek Stepan wins face-off versus Henrik Sedin in Chicago Blackhawks zone.
11:19 of 2nd period - Alex DeBrincat is hit by Luke Glendening and loses puck.
11:28 of 2nd period - Snap shot by Tyler Bertuzzi.
11:28 of 2nd period - Shot Blocked by Brent Seabrook.
11:42 of 2nd period - Slapshot by Andreas Athanasiou.
11:42 of 2nd period - Stopped by Corey Crawford with a rebound.
12:02 of 2nd period - Slapshot by Derek Stepan.
12:02 of 2nd period - Stopped by Corey Crawford with a rebound.
12:08 of 2nd period - Snap shot by Ryan Kesler.
12:08 of 2nd period - Stopped by Corey Crawford without a rebound.
12:09 of 2nd period - Derek Stepan wins face-off versus Henrik Sedin in Chicago Blackhawks zone.
12:10 of 2nd period - Backhand shot by Mattias Janmark.
12:10 of 2nd period - Stopped by Corey Crawford without a rebound.
12:11 of 2nd period - Patrick Kane wins face-off versus Henrik Zetterberg in Chicago Blackhawks zone.
12:36 of 2nd period - Nick Jensen is hit by Nick Schmaltz and loses puck.
13:38 of 2nd period - Seth Jones is hit by Danny DeKeyser and loses puck.
14:05 of 2nd period - Wrist shot by Andreas Athanasiou.
14:05 of 2nd period - Stopped by Corey Crawford with a rebound.
14:07 of 2nd period - Wrist shot by Frans Nielsen.
14:07 of 2nd period - Shot Misses the Net.
14:21 of 2nd period - Snap shot by Nick Schmaltz.
14:21 of 2nd period - Shot Misses the Net.
14:23 of 2nd period - Wrist shot by Jonathan Toews.
14:23 of 2nd period - Deflect By Alex DeBrincat.
14:23 of 2nd period - Goal by Alex DeBrincat - Chicago Blackhawks : 3 - Detroit Red Wings : 2.
14:24 of 2nd period - Henrik Zetterberg wins face-off versus Jonathan Toews in neutral zone.
14:33 of 2nd period - Wrist shot by Jonathan Toews.
14:33 of 2nd period - Stopped by Jimmy Howard with a rebound.
14:35 of 2nd period - Slapshot by Alex DeBrincat.
14:35 of 2nd period - Shot Misses the Net.
14:37 of 2nd period - Wrist shot by Nick Schmaltz.
14:37 of 2nd period - Shot Misses the Net.
14:39 of 2nd period - Snap shot by Alex DeBrincat.
14:39 of 2nd period - Stopped by Jimmy Howard with a rebound.
15:14 of 2nd period - Henrik Sedin is hit by Justin Abdelkader and loses puck.
16:12 of 2nd period - Wrist shot by Thomas Vanek.
16:12 of 2nd period - Shot Misses the Net.
16:14 of 2nd period - Snap shot by Luke Glendening.
16:14 of 2nd period - Shot Blocked by Patrick Kane.
16:16 of 2nd period - Snap shot by Thomas Vanek.
16:16 of 2nd period - Stopped by Corey Crawford without a rebound.
16:17 of 2nd period - Henrik Zetterberg wins face-off versus Jonathan Toews in Chicago Blackhawks zone.
16:20 of 2nd period - Wrist shot by Darren Helm.
16:20 of 2nd period - Shot Misses the Net.
16:22 of 2nd period - Snap shot by Darren Helm.
16:22 of 2nd period - Stopped by Corey Crawford without a rebound.
16:23 of 2nd period - Jonathan Toews wins face-off versus Henrik Zetterberg in Chicago Blackhawks zone.
16:30 of 2nd period - Slapshot by Jonathan Toews.
16:30 of 2nd period - Deflect By Nick Schmaltz.
16:30 of 2nd period - Stopped by Jimmy Howard without a rebound.
16:31 of 2nd period - Ryan Hartman wins face-off versus Derek Stepan in Detroit Red Wings zone.
16:34 of 2nd period - Backhand shot by Henrik Sedin.
16:34 of 2nd period - Shot Misses the Net.
16:40 of 2nd period - Danny DeKeyser is hit by Duncan Keith and loses puck.
16:55 of 2nd period - Derek Stepan is hit by Seth Jones and loses puck.
17:00 of 2nd period - Wrist shot by Jonathan Toews.
17:00 of 2nd period - Deflect By Nick Schmaltz.
17:00 of 2nd period - Shot Misses the Net.
17:00 of 2nd period - Puck is out of play.
17:01 of 2nd period - Henrik Sedin wins face-off versus Henrik Zetterberg in Detroit Red Wings zone.
17:06 of 2nd period - Slapshot by Patrick Kane.
17:06 of 2nd period - Stopped by Jimmy Howard with a rebound.
18:25 of 2nd period - Snap shot by Henrik Zetterberg.
18:25 of 2nd period - Stopped by Corey Crawford with a rebound.
18:27 of 2nd period - Slapshot by Mike Green.
18:27 of 2nd period - Deflect By Henrik Zetterberg.
18:27 of 2nd period - Stopped by Corey Crawford with a rebound.
18:29 of 2nd period - Slapshot by Danny DeKeyser.
18:29 of 2nd period - Goal by Danny DeKeyser - Chicago Blackhawks : 3 - Detroit Red Wings : 3.
18:30 of 2nd period - Henrik Sedin wins face-off versus Frans Nielsen in neutral zone.
18:37 of 2nd period - Slapshot by Seth Jones.
18:37 of 2nd period - Shot Misses the Net.
18:39 of 2nd period - Slapshot by Duncan Keith.
18:39 of 2nd period - Stopped by Jimmy Howard without a rebound.
18:40 of 2nd period - Frans Nielsen wins face-off versus Henrik Sedin in Detroit Red Wings zone.
18:40 of 2nd period - Frans Nielsen is hit by Ryan Hartman.
19:01 of 2nd period - Snap shot by Ryan Hartman.
19:01 of 2nd period - Shot Blocked by Frans Nielsen.
19:03 of 2nd period - Snap shot by Henrik Sedin.
19:03 of 2nd period - Stopped by Jimmy Howard with a rebound.
19:05 of 2nd period - Slapshot by Duncan Keith.
19:05 of 2nd period - Stopped by Jimmy Howard with a rebound.
19:09 of 2nd period - Snap shot by Henrik Sedin.
19:09 of 2nd period - Deflect By Frans Nielsen.
19:09 of 2nd period - Stopped by Jimmy Howard with a rebound.
19:11 of 2nd period - Snap shot by Patrick Kane.
19:11 of 2nd period - Stopped by Jimmy Howard with a rebound.
19:13 of 2nd period - Snap shot by Henrik Sedin.
19:13 of 2nd period - Stopped by Jimmy Howard without a rebound.
19:14 of 2nd period - Henrik Zetterberg wins face-off versus Jonathan Toews in Detroit Red Wings zone.
19:21 of 2nd period - Snap shot by Henrik Zetterberg.
19:21 of 2nd period - Shot Misses the Net.
19:23 of 2nd period - Backhand shot by Darren Helm.
19:23 of 2nd period - Stopped by Corey Crawford with a rebound.
19:25 of 2nd period - Slapshot by Michael Del Zotto.
19:25 of 2nd period - Shot Misses the Net.
19:27 of 2nd period - Snap shot by Niklas Kronwall.
19:27 of 2nd period - Shot Misses the Net.
19:29 of 2nd period - Wrist shot by Henrik Zetterberg.
19:29 of 2nd period - Shot Misses the Net.
Goals for this period are 2 for Chicago Blackhawks vs 2 for Detroit Red Wings.
Shots for this period are 16 for Chicago Blackhawks vs 19 for Detroit Red Wings.

3rd period


0:01 of 3rd period - Henrik Zetterberg wins face-off versus Jonathan Toews in neutral zone.
0:14 of 3rd period - Snap shot by Teuvo Teravainen.
0:14 of 3rd period - Goal by Teuvo Teravainen - Chicago Blackhawks : 3 - Detroit Red Wings : 4.
0:15 of 3rd period - David Kampf wins face-off versus Henrik Zetterberg in neutral zone.
0:40 of 3rd period - Alex DeBrincat is hit by Ryan Kesler and loses puck.
1:19 of 3rd period - Luke Glendening is hit by Brent Seabrook and loses puck.
1:40 of 3rd period - Anthony Mantha is hit by Teuvo Teravainen and loses puck.
2:09 of 3rd period - Snap shot by Mattias Janmark.
2:09 of 3rd period - Stopped by Corey Crawford without a rebound.
2:10 of 3rd period - Henrik Sedin wins face-off versus Frans Nielsen in Chicago Blackhawks zone.
2:10 of 3rd period - Henrik Sedin is hit by Mike Green.
2:38 of 3rd period - Wrist shot by Jason Chimera.
2:38 of 3rd period - Stopped by Jimmy Howard without a rebound.
2:39 of 3rd period - Marcus Kruger wins face-off versus Derek Stepan in Detroit Red Wings zone.
2:52 of 3rd period - Wrist shot by Ryan Kesler.
2:52 of 3rd period - Stopped by Corey Crawford without a rebound.
2:53 of 3rd period - Henrik Zetterberg wins face-off versus Jonathan Toews in Chicago Blackhawks zone.
3:03 of 3rd period - Off-side.
3:04 of 3rd period - David Kampf wins face-off versus Derek Stepan in neutral zone.
3:09 of 3rd period - Snap shot by Anthony Mantha.
3:09 of 3rd period - Stopped by Jimmy Howard without a rebound.
3:10 of 3rd period - David Kampf wins face-off versus Derek Stepan in Detroit Red Wings zone.
4:52 of 3rd period - Backhand shot by Anthony Mantha.
4:52 of 3rd period - Shot Misses the Net.
4:54 of 3rd period - Wrist shot by Anthony Mantha.
4:54 of 3rd period - Stopped by Jimmy Howard with a rebound.
4:56 of 3rd period - Snap shot by Anthony Mantha.
4:56 of 3rd period - Goal by Anthony Mantha - Chicago Blackhawks : 4 - Detroit Red Wings : 4.
4:57 of 3rd period - Luke Glendening wins face-off versus Nick Schmaltz in neutral zone.
5:45 of 3rd period - Frans Nielsen is hit by Jan Rutta and loses puck.
6:06 of 3rd period - Thomas Vanek is hit by Alex DeBrincat.
6:22 of 3rd period - Tyler Bertuzzi is hit by Scott Mayfield and loses puck.
6:37 of 3rd period - Wrist shot by Luke Glendening.
6:37 of 3rd period - Goal by Luke Glendening - Chicago Blackhawks : 4 - Detroit Red Wings : 5.
6:38 of 3rd period - Derek Stepan wins face-off versus Henrik Sedin in neutral zone.
6:43 of 3rd period - Snap shot by Patrick Kane.
6:43 of 3rd period - Shot Misses the Net.
7:26 of 3rd period - Henrik Zetterberg is hit by Marcus Kruger and loses puck.
7:45 of 3rd period - Denis Malgin is hit by Luke Glendening and loses puck.
7:52 of 3rd period - Snap shot by Tyler Bertuzzi.
7:52 of 3rd period - Shot Misses the Net.
7:54 of 3rd period - Slapshot by Jonathan Ericsson.
7:54 of 3rd period - Stopped by Corey Crawford without a rebound.
7:55 of 3rd period - Henrik Sedin wins face-off versus Derek Stepan in Chicago Blackhawks zone.
8:20 of 3rd period - Frans Nielsen is hit by Alex DeBrincat and loses puck.
8:47 of 3rd period - Darren Helm is hit by David Kampf and loses puck.
9:00 of 3rd period - Thomas Vanek is hit by Chris Kunitz and loses puck.
10:04 of 3rd period - Slapshot by Denis Malgin.
10:04 of 3rd period - Shot Misses the Net.
10:20 of 3rd period - Wrist shot by Patrick Kane.
10:20 of 3rd period - Shot Blocked by Thomas Vanek.
10:30 of 3rd period - Chris Kunitz is hit by Ryan Kesler and loses puck.
10:37 of 3rd period - Snap shot by Mattias Janmark.
10:37 of 3rd period - Shot Misses the Net.
10:39 of 3rd period - Wrist shot by Derek Stepan.
10:39 of 3rd period - Shot Misses the Net.
10:41 of 3rd period - Slapshot by Derek Stepan.
10:41 of 3rd period - Shot Blocked by Duncan Keith.
10:53 of 3rd period - Slapshot by Duncan Keith.
10:53 of 3rd period - Deflect By Alex DeBrincat.
10:53 of 3rd period - Shot Blocked by Henrik Zetterberg.
10:53 of 3rd period - Puck is out of play.
10:54 of 3rd period - Henrik Zetterberg wins face-off versus Jonathan Toews in Detroit Red Wings zone.
11:03 of 3rd period - Slapshot by Teuvo Teravainen.
11:03 of 3rd period - Shot Misses the Net.
11:05 of 3rd period - Slapshot by Danny DeKeyser.
11:05 of 3rd period - Shot Misses the Net.
11:23 of 3rd period - Patrick Kane is hit by Justin Abdelkader and loses puck.
11:30 of 3rd period - Snap shot by Andreas Athanasiou.
11:30 of 3rd period - Goal by Andreas Athanasiou - Chicago Blackhawks : 4 - Detroit Red Wings : 6.
11:31 of 3rd period - Henrik Sedin wins face-off versus Derek Stepan in neutral zone.
11:40 of 3rd period - Snap shot by Henrik Sedin.
11:40 of 3rd period - Shot Misses the Net.
11:42 of 3rd period - Wrist shot by Henrik Sedin.
11:42 of 3rd period - Stopped by Jimmy Howard with a rebound.
11:44 of 3rd period - Snap shot by Henrik Sedin.
11:44 of 3rd period - Stopped by Jimmy Howard without a rebound.
11:45 of 3rd period - Frans Nielsen wins face-off versus Jonathan Toews in Detroit Red Wings zone.
11:50 of 3rd period - Michael Del Zotto is hit by Jonathan Toews and loses puck.
11:57 of 3rd period - Wrist shot by Frans Nielsen.
11:57 of 3rd period - Deflect By Justin Abdelkader.
11:57 of 3rd period - Shot Misses the Net.
11:57 of 3rd period - Puck is out of play.
11:58 of 3rd period - Henrik Sedin wins face-off versus Derek Stepan in Chicago Blackhawks zone.
12:25 of 3rd period - Seth Jones is hit by Darren Helm.
12:31 of 3rd period - Slapshot by Michal Kempny.
12:31 of 3rd period - Shot Blocked by Niklas Kronwall.
14:28 of 3rd period - Off-side.
14:29 of 3rd period - Frans Nielsen wins face-off versus Jason Chimera in neutral zone.
14:40 of 3rd period - Snap shot by Andreas Athanasiou.
14:40 of 3rd period - Stopped by Corey Crawford without a rebound.
14:41 of 3rd period - Henrik Sedin wins face-off versus Derek Stepan in Chicago Blackhawks zone.
14:47 of 3rd period - Wrist shot by Mattias Janmark.
14:47 of 3rd period - Stopped by Corey Crawford with a rebound.
14:49 of 3rd period - Slapshot by Niklas Kronwall.
14:49 of 3rd period - Shot Misses the Net.
14:51 of 3rd period - Wrist shot by Ryan Kesler.
14:51 of 3rd period - Shot Misses the Net.
14:53 of 3rd period - Wrist shot by Niklas Kronwall.
14:53 of 3rd period - Shot Blocked by Duncan Keith.
14:55 of 3rd period - Slapshot by Niklas Kronwall.
14:55 of 3rd period - Shot Blocked by Seth Jones.
14:57 of 3rd period - Snap shot by Derek Stepan.
14:57 of 3rd period - Shot Misses the Net.
15:14 of 3rd period - Slapshot by Patrick Kane.
15:14 of 3rd period - Shot Misses the Net.
15:20 of 3rd period - Michal Kempny is hit by Luke Glendening and loses puck.
15:54 of 3rd period - Slapshot by David Kampf.
15:54 of 3rd period - Stopped by Jimmy Howard without a rebound.
15:55 of 3rd period - Henrik Zetterberg wins face-off versus Jonathan Toews in Detroit Red Wings zone.
16:28 of 3rd period - Jonathan Ericsson is hit by Marcus Kruger and loses puck.
16:37 of 3rd period - Denis Malgin is hit by Frans Nielsen and loses puck.
16:54 of 3rd period - Off-side.
16:55 of 3rd period - Henrik Zetterberg wins face-off versus Henrik Sedin in neutral zone.
17:01 of 3rd period - Wrist shot by Henrik Zetterberg.
17:01 of 3rd period - Shot Misses the Net.
17:21 of 3rd period - Henrik Sedin is hit by Mike Green and loses puck.
18:04 of 3rd period - Slapshot by Seth Jones.
18:04 of 3rd period - Stopped by Jimmy Howard without a rebound.
18:05 of 3rd period - Frans Nielsen wins face-off versus Jonathan Toews in Detroit Red Wings zone.
18:30 of 3rd period - Denis Malgin is hit by Nick Jensen and loses puck.
19:04 of 3rd period - Snap shot by Jonathan Toews.
19:04 of 3rd period - Stopped by Jimmy Howard with a rebound.
19:44 of 3rd period - Jason Chimera is hit by Mike Green and loses puck.
Goals for this period are 1 for Chicago Blackhawks vs 3 for Detroit Red Wings.
Shots for this period are 9 for Chicago Blackhawks vs 8 for Detroit Red Wings.